 Dungeon Crawl Stone Soup version 0.31-a0-507-gbafd7f5274 (webtiles) character file.

Game seed: 9380056063948965975

21 randomguy2701 the Grave Robber (level 2, -3/15 HPs)
             Began as a Deep Elf Necromancer on Aug 9, 2023.
             Slain by a worm (9 damage)
             ... on level 2 of the Dungeon.
             The game lasted 00:00:49 (1063 turns).

randomguy2701 the Grave Robber (DENe)               Turns: 1063, Time: 00:00:50

Health: -3/15      AC:  2    Str:  5    XL:     2   Next: 65%
Magic:  0/8        EV: 13    Int: 19    God:
Gold:   65         SH:  0    Dex: 21    Spells: 7/8 levels left

rFire   . . .        (no weapon)
rCold   . . .        (no shield)
rNeg    . . .        a - +0 robe
rPois   .            (no helmet)
rElec   .            (no cloak)
rCorr   .            (no gloves)
SInv    .            (no boots)
Will    .....        (no amulet)
Stlth   +++          h - +6 ring of dexterity
HPRegen 0.22/turn    (no ring)
MPRegen 0.11/turn

%: no passive effects
@: no status effects
A: no striking features
a: no special abilities


You were on level 2 of the Dungeon.
You visited 1 branch of the dungeon, and saw 2 of its levels.

You collected 65 gold pieces.

Inventory:

Armour
 a - a +0 robe (worn)
Jewellery
 e - a ring of ice
 h - a +6 ring of dexterity (left hand)
Scrolls
 c - a scroll of noise {unknown}
 d - 2 scrolls of teleportation {unknown}
 f - 3 scrolls of identify {unknown}
 j - a scroll of amnesia {unknown}
 k - a scroll of vulnerability {unknown}
Potions
 b - 3 potions of magic
 g - a potion of might {unknown}
 i - a potion of heal wounds {unknown}
 l - 2 potions of cancellation {unknown}


   Skills:
 + Level 2.5 Dodging
 + Level 2.5 Stealth
 + Level 3.8 Spellcasting
 + Level 5.3 Necromancy


You had 7 spell levels left.
You knew the following spells:

 Your Spells              Type           Power      Damage    Failure   Level
a - Necrotise             Necr           92%        1d8       1%          1

Your spell library contained the following spells:

 Spells                   Type           Power      Damage    Failure   Level
 Vampiric Draining        Necr           23%        2d7       4%          3
 Animate Dead             Necr           23%        N/A       16%         4
 Agony                    Necr           23%        N/A       41%         5


Dungeon Overview and Level Annotations

Branches:
Dungeon (2/15)

Altars:


Message History

There is a stone staircase leading down here.
Your ball python skeleton crumbles into dust!
You now have 65 gold pieces (gained 15).
A worm comes into view.
Found 9 gold pieces.
A worm is nearby!
Found an Everburning Encyclopedia.
The worm writhes in agony!
The worm barely resists.
The worm barely resists.
The worm writhes in agony.
The worm writhes in agony.
The worm writhes in agony!
The worm barely resists.
The worm barely misses you.
The worm writhes in agony.
You are out of magic!
You are out of magic!
You are out of magic!
A worm is nearby!
You barely miss the worm.
The worm is almost dead.
The worm bites you.
You hit the worm but do no damage.
The worm is almost dead.
The worm bites you.
You barely miss the worm.
The worm is severely wounded.
You hit the worm but do no damage.
The worm is severely wounded.
The worm misses you.
You hit the worm but do no damage.
The worm is severely wounded.
Casting: Necrotise (safe; 1% risk of failure)
Confirm with . or Enter, or press ? or * to list all spells.
Aiming: Necrotise (safe; 1% risk of failure)
Press: ? - help, Shift-Dir - straight line, f/p - worm
Aim: a worm (severely wounded, chance to affect: 87%)
The worm writhes in agony.
The worm bites you!
Ouch! That really hurt!
You die...

#### ...#### ......#
##.##.###########
##.##...........#
.#.....###.##.#.##
.###..<..........#
.###.......##.#..#######
................@.$.....
.###............w.......
............#..#........
.##.........#..#..#####.
.##...............#
###.#.#####.##.##.#
###.#.# #... $# ....#.#
: ... ## #####.# ##


You could see a worm.

Vanquished Creatures
  3 bats
  2 giant cockroaches (D:1)
  4 goblins (D:1)
  A quokka (D:2)
  4 ball pythons
  A frilled lizard (D:1)
  3 kobolds
  2 rats
20 creatures vanquished.

Notes
Turn   | Place    | Note
-------+----------+-------------------------------------------
     0 | D:1      | randomguy2701 the Deep Elf Necromancer began the quest for
                  | the Orb.
     0 | D:1      | Reached XP level 1. HP: 10/10 MP: 6/6
   239 | D:1      | Reached skill level 5 in Necromancy
   369 | D:1      | Found a faded altar of an unknown god.
   373 | D:1      | Reached XP level 2. HP: 15/15 MP: 5/8
  1063 | D:2      | Slain by a worm

Illustrated notes

Levels and vault maps discovered:
D:1:      amcnicky_arrival_gap_in_the_tavern_cellar, layout_basic,
          basic_ecumenical_altar
D:2:      layout_loops_cross

Skill      XL: |  1 |
---------------+----+-----
Necromancy     | 5 |  5.3
Dodging        | |  2.5
Stealth        | |  2.5
Spellcasting   | |  3.8

Action                     || total
---------------------------++-------
  Melee: Unarmed           ||     5
   Cast: Necrotise         ||    34
  Dodge: Dodged            ||     5

Table legend: (Time is in decaauts)
 A = Elapsed time spent in this place.
 B = Non-inter-level travel time spent in this place.
 C = Inter-level travel time spent in this place.
 D = Time resting spent in this place.
 E = Time spent auto-exploring this place.
 F = Levels seen in this place.
 G = Mean time per level.
                   A        B        C        D        E       F      G
               +--------+--------+--------+--------+--------+-----+--------+
         Total |   1062 |   1040 |     22 |      0 |    939 |   2 |  531.0 |
       Dungeon |   1062 |   1040 |     22 |      0 |    939 |   2 |  531.0 |
               +--------+--------+--------+--------+--------+-----+--------+

Top non-repeatable levels by time:
     D:1: 885 daAuts
     D:2: 177 daAuts
